Map: Deathaura LE

Players

Rogue - Winner!

  • Race: Zerg Zerg
  • Spawn Location: 5:00

Reynor

  • Race: Zerg Zerg
  • Spawn Location: 11:00

Event: ASUS ROG Online 2020

VOD

Have the link to the VOD?

Description

Time

  • Played on: Nov. 29, 2020, 6:18 a.m.
  • Length: 11:18

All games in this series

Show
View Real Time Build Order
Export as new Build Order

Rogue Zerg - Winner!

Build Orders: Hatch First 

Get SALT Encoding   

  12  0:01  Drone  
  13  0:12  Overlord  
  13  0:16  Drone  
  14  0:30  Drone x2  
  16  0:47  Hatchery  
  15  0:50  Drone  
  15  0:54  Drone  
  17  0:57  Drone  
  18  1:09  Extractor  
  17  1:12  Spawning Pool  
  17  1:15  Drone  
  17  1:18  Drone  
  18  1:28  Drone  
  19  1:39  Drone  
  20  1:49  Drone  
  21  1:59  Queen x2  
  21  2:00  Zergling x2, Overlord  
  26  2:08  Metabolic Boost  
  26  2:10  Drone  
  26  2:11  Drone  
  28  2:21  Drone x2  
  30  2:32  Hatchery  
  30  2:37  Drone x2  
  31  2:47  Evolution Chamber  
  31  2:48  Overlord  
  31  2:49  Drone  
  31  2:56  Drone x2  
  33  3:05  Drone x2  
  35  3:11  Drone x4  
  35  3:12  Zergling x2, Drone  
  41  3:18  Zerg Ground Armor Level 1  
  41  3:21  Overlord  
  41  3:25  Drone  
  42  3:32  Zergling x4  
  44  3:41  Zergling x12  
  44  3:45  Queen  
  51  3:53  Zergling x6  
  54  3:58  Drone  
  54  3:59  Drone  
  54  4:00  Lair  
  56  4:04  Roach Warren, Drone  
  56  4:09  Overlord  
  56  4:10  Extractor  
  56  4:15  Drone x2  
  57  4:22  Zergling x4  
  57  4:25  Overlord  
  57  4:28  Drone x4  
  57  4:29  Extractor, Drone  
  57  4:30  Drone x2  
  60  4:36  Drone x2  
  60  4:37  Extractor  
  60  4:42  Drone  
  61  4:48  Drone x2  
  61  4:49  Extractor  
  62  4:58  Zergling x2, Spire  
  62  4:59  Zergling x18  
  71  5:01  Extractor  
  71  5:04  Drone  
  71  5:06  Overlord  
  71  5:07  Overseer  
  71  5:09  Overlord  
  70  5:16  Drone x2  
  70  5:20  Overlord  
  72  5:31  Overlord  
  72  5:32  Drone x2  
  74  5:39  Spore Crawler x3  
  74  5:40  Drone  
  74  5:41  Zergling x6  
  74  5:42  Zergling x6  
  78  5:47  Overlord  
  73  6:04  Overlord  
  65  6:11  Mutalisk x5  
  65  6:12  Mutalisk x2  
  65  6:15  Overseer  
  65  6:16  Zerg Flyer Weapons Level 1  
  78  6:21  Mutalisk x2  
  79  6:28  Mutalisk x2  
  83  6:32  Mutalisk  
  83  6:35  Zergling x2  
  83  6:36  Zergling x4  
  83  6:38  Zergling x2  
  87  6:40  Zergling x2  
  87  6:45  Mutalisk  
  88  6:48  Overlord  
  88  6:58  Mutalisk x2  
  88  7:00  Zergling x2  
  88  7:02  Mutalisk  
  88  7:04  Zergling x4  
  88  7:05  Zerg Melee Weapons Level 1  
  87  7:12  Mutalisk  
  87  7:15  Mutalisk  
  91  7:16  Drone  
  91  7:17  Drone  
  91  7:22  Mutalisk  
  95  7:28  Mutalisk  
  98  7:30  Drone  
  98  7:34  Overlord  
  98  7:35  Overlord  
  98  7:41  Mutalisk  
  97  7:48  Drone x2  
  95  7:54  Evolution Chamber  
  95  7:55  Drone  
  95  7:56  Drone x6  
  98  8:07  Drone x2  
  100  8:13  Mutalisk x4  
  108  8:20  Mutalisk  
  108  8:22  Mutalisk  
  108  8:25  Overlord  
  111  8:36  Overlord  
  111  8:38  Mutalisk  
  113  8:41  Zerg Flyer Armor Level 1  
  113  8:53  Mutalisk x2  
  109  8:57  Zergling x12  
  115  9:05  Drone x3  
  115  9:06  Hatchery, Drone x2  
  119  9:12  Mutalisk x2  
  119  9:15  Overlord  
  123  9:19  Mutalisk  
  123  9:27  Mutalisk x3  
  129  9:32  Overlord  
  129  9:33  Zergling x2  
  130  9:42  Mutalisk x2  
  133  9:45  Mutalisk  
  133  9:47  Overlord  
  133  9:49  Zergling x6  
  134  9:53  Mutalisk  
  134  9:55  Zergling x8  
  139  10:00  Mutalisk  
  139  10:04  Extractor, Mutalisk  
  142  10:08  Extractor  
  142  10:10  Zergling x6  
  144  10:15  Mutalisk  
  144  10:16  Mutalisk  
  144  10:20  Queen  
  150  10:22  Zergling x8  
  150  10:23  Zergling x2  
  150  10:27  Mutalisk  
  154  10:29  Zergling x8  
  154  10:35  Mutalisk  
  150  10:37  Mutalisk  
  150  10:41  Zergling x4  
  127  10:43  Mutalisk  
  127  10:47  Mutalisk  
  121  10:50  Zergling x6  
Show
View Real Time Build Order
Export as new Build Order

Reynor Zerg 

Build Orders: Hatch First 

Get SALT Encoding   

  12  0:00  Drone  
  13  0:12  Overlord  
  13  0:17  Drone  
  14  0:30  Drone x2  
  16  0:47  Hatchery  
  15  0:50  Drone  
  15  0:54  Drone  
  17  0:57  Drone  
  18  1:08  Extractor  
  17  1:12  Spawning Pool  
  17  1:15  Drone  
  17  1:18  Drone  
  18  1:27  Drone  
  19  1:38  Drone  
  20  1:49  Overlord  
  20  1:59  Queen x2  
  20  2:00  Drone x2  
  26  2:10  Drone x2  
  28  2:21  Zergling x2  
  28  2:22  Drone  
  30  2:31  Overlord  
  30  2:33  Drone  
  30  2:35  Queen  
  33  2:41  Drone  
  33  2:43  Drone  
  35  2:49  Lair, Evolution Chamber  
  34  2:52  Drone  
  34  2:53  Drone  
  34  2:57  Extractor  
  35  3:03  Drone x2  
  37  3:06  Overlord  
  37  3:07  Drone x3  
  37  3:08  Drone  
  37  3:09  Drone  
  42  3:15  Zerg Missile Weapons Level 1  
  42  3:16  Drone  
  43  3:23  Roach Warren  
  43  3:25  Drone  
  43  3:27  Drone  
  43  3:28  Drone  
  45  3:37  Drone x2  
  45  3:40  Extractor, Drone  
  45  3:41  Extractor  
  46  3:42  Drone  
  47  3:49  Spire  
  47  3:51  Drone x2  
  47  3:52  Overlord  
  47  3:56  Drone x2  
  47  3:59  Drone  
  50  4:08  Roach  
  50  4:09  Evolution Chamber  
  51  4:11  Roach  
  51  4:13  Roach  
  51  4:16  Roach  
  57  4:19  Roach  
  59  4:26  Roach, Evolution Chamber  
  59  4:27  Evolution Chamber  
  59  4:28  Drone  
  60  4:32  Roach Warren  
  60  4:38  Overlord  
  61  4:52  Hatchery  
  60  4:56  Drone x3, Evolution Chamber  
  62  5:00  Overlord  
  62  5:06  Mutalisk x3  
  68  5:12  Overlord  
  68  5:18  Mutalisk x3, Evolution Chamber  
  74  5:21  Drone  
  74  5:22  Drone  
  74  5:27  Glial Reconstitution  
  76  5:32  Overlord  
  77  5:36  Roach x2  
  77  5:38  Roach  
  83  5:45  Overlord  
  83  5:53  Roach x3  
  83  5:56  Overlord  
  87  5:59  Roach x2  
  91  6:06  Roach x3  
  91  6:07  Roach  
  91  6:10  Roach x2  
  99  6:15  Overlord  
  99  6:18  Roach x3  
  105  6:26  Roach  
  105  6:30  Overlord  
  107  6:33  Overlord  
  107  6:38  Ravager  
  108  6:42  Hatchery  
  108  6:45  Mutalisk x4  
  111  6:51  Mutalisk  
  113  6:58  Mutalisk  
  109  7:04  Mutalisk  
  109  7:06  Drone x2  
  109  7:07  Queen  
  95  7:16  Mutalisk  
  95  7:19  Queen  
  95  7:22  Mutalisk  
  99  7:24  Drone x4  
  99  7:25  Drone  
  102  7:32  Mutalisk  
  102  7:33  Spore Crawler  
  102  7:34  Overlord  
  103  7:39  Zergling x8  
  103  7:43  Extractor, Queen  
  108  7:46  Zerg Flyer Weapons Level 1  
  108  7:56  Mutalisk  
  110  8:00  Drone x4  
  110  8:02  Mutalisk  
  110  8:04  Drone x3  
  111  8:06  Extractor  
  111  8:07  Spore Crawler  
  111  8:11  Spore Crawler  
  111  8:12  Mutalisk  
  108  8:15  Drone x2  
  108  8:16  Drone  
  113  8:21  Overlord  
  113  8:25  Overlord  
  112  8:28  Mutalisk  
  112  8:33  Drone  
  113  8:34  Extractor, Drone  
  113  8:39  Mutalisk x2  
  117  8:42  Drone x2  
  117  8:44  Mutalisk  
  119  8:52  Mutalisk  
  115  8:56  Drone  
  115  8:57  Drone x3  
  115  8:58  Queen, Drone x2  
  115  8:59  Extractor  
  115  9:01  Metabolic Boost  
  122  9:05  Spore Crawler  
  122  9:08  Mutalisk  
  123  9:10  Zergling x8  
  123  9:12  Overlord  
  127  9:21  Overlord  
  123  9:25  Extractor  
  123  9:27  Infestation Pit  
  121  9:32  Spore Crawler x2  
  121  9:33  Drone x6  
  121  9:34  Extractor, Drone x2  
  126  9:40  Queen  
  126  9:41  Extractor  
  129  9:50  Drone x3  
  128  9:57  Spore Crawler  
  125  10:00  Spore Crawler  
  125  10:04  Drone x3  
  125  10:05  Zergling x2  
  125  10:06  Zergling x10  
  131  10:08  Infestor  
  131  10:10  Overlord  
  133  10:15  Infestor  
  133  10:20  Spore Crawler, Drone  
  135  10:21  Extractor  
  135  10:26  Infestor  
  133  10:29  Zergling x10  
  136  10:38  Queen x2  
  136  10:41  Zergling x2  
  116  10:49  Zergling x4  
Tags
 
Add a new tag
Caveats
  • Supply blocks, unpowered buildings, or Contaminate may cause inaccurate times.
  • Supply counts are checked every 10 seconds.